cohdb
Replays
Latest Replays
All Replays
Popular Replays
Top Player Replays
Match Explorer
How It Works
Community
CoH3 Stats
Reddit
Sign in to upload your games and track your stats! →
Sign in with Steam
Match 39406548
Unlisted
Match 39406548
Overview
Messages
Build Orders
End
Engineer Squad
Selects Heavy Weapons
Construct Barracks
Riflemen Squad
Riflemen Squad
Grenade Package
Riflemen Squad
Selects Assault Carriers
Construct Weapon Support Center
Selects M2HB .50cal Heavy Machine Gun
M1919 Machine Gun Team
Infantry Support Center
M3 Assault Carrier
M1918 Browning Automatic Rifles
Construct Tank Depot
Selects Halftrack Strongpoints
M1919 Machine Gun Team
M1 Mortar Team
M1 Mortar Team
Selects Rapid Reposition
Riflemen Squad
Selects Black Dragon Artillery Barrage
Riflemen Squad
Survival Training
Advanced Logistics
Black Dragon Artillery Barrage
Riflemen Squad
Riflemen Squad
Construct Motor Pool
M24 Chaffee Light Tank
M1 Anti-tank Gun Team
Selects M26 Pershing Heavy Tank
M26 Pershing Heavy Tank
Engineer Squad
Engineer Squad
Captain Retinue
Scout Squad
M18 Hellcat Tank Destroyer
M18 Hellcat Tank Destroyer
Gabe_Real
just a chill world leader ♡
Turtleboy
[Strike]LaserClaw
koba (Monkey man)
Liamster
0
0
Comments
sign in to comment!
No comments posted yet!